 Dungeon Crawl Stone Soup version 0.23.1-42-g8abd8fc (webtiles) character file.

Game seed: 13733452512099537281

5523 Kairos the Cleaver (level 10, -3/79 HPs)
             Began as a Minotaur Fighter on Mar 30, 2019.
             Was a High Priest of Okawaru.
             Slain by a two-headed ogre
             ... wielding a +0 giant club
              (16 damage)
             ... on level 9 of the Dungeon.
             The game lasted 00:08:45 (6214 turns).

Kairos the Cleaver (Minotaur Fighter)               Turns: 6214, Time: 00:08:46

Health: -3/79      AC: 12    Str: 25    XL:     10   Next: 43%
Magic:  7/9        EV: 17    Int:  5    God:    Okawaru [*****.]
Gold:   506        SH: 14    Dex: 11    Spells: 9/9 levels left

rFire    + . .     SeeInvis .   h - +4 hand axe (freeze)
rCold    . . .     Gourm    .   c - +0 shield
rNeg     . . .     Faith    +   w - +0 chain mail
rPois    .         Spirit   .   (helmet restricted)
rElec    .         Reflect  .   (no cloak)
rCorr    .         Harm     .   (no gloves)
MR       .....                  (no boots)
Stlth    ..........             C - amulet of faith
HPRegen  0.23/turn              m - +5 ring of evasion
MPRegen  0.11/turn              E - ring of protection from fire

@: heroism
A: retaliatory headbutt, horns 2, talons 2, agile 1, frail 1
a: Heroism, Finesse, Renounce Religion


You were on level 9 of the Dungeon.
You worshipped Okawaru.
Okawaru was extremely pleased with you.
You were hungry.

You visited 2 branches of the dungeon, and saw 10 of its levels.

You collected 519 gold pieces.
You spent 13 gold pieces at shops.

Inventory:

Hand Weapons
 a - a +0 war axe
 h - a +4 hand axe of freezing (weapon)
 z - the +5 rapier "Ynibyema" {vamp, *Rage rElec rF- Int+6, unknown}
   (You found it on level 7 of the Dungeon)

   It inflicts no extra harm, but heals its wielder when it wounds a living foe.
   It affects your intelligence (+6).
   It makes you vulnerable to fire.
   It insulates you from electricity.
   It may make you go berserk in combat.
 G - a +3 hand axe
Missiles
 u - 3 throwing nets (quivered)
Armour
 b - a +0 scale mail
 c - a +0 shield (worn)
 w - a +0 chain mail (worn)
Jewellery
 m - a +5 ring of evasion (left hand)
 A - an uncursed amulet of rage
 C - an amulet of faith (around neck)
 E - a ring of protection from fire (right hand)
Wands
 n - a wand of paralysis (8)
 s - a wand of polymorph (12)
 H - a wand of digging (6)
Scrolls
 e - 4 scrolls of teleportation
 g - 5 scrolls of remove curse
 j - 4 scrolls of fog {unknown}
 k - 2 scrolls of blinking {unknown}
 p - 2 scrolls of enchant armour {unknown}
 q - a scroll of noise {unknown}
 t - 7 scrolls of identify
 y - 2 scrolls of amnesia {unknown}
 B - 4 scrolls of magic mapping {unknown}
 D - a scroll of immolation {unknown}
 F - a scroll of vulnerability {unknown}
Potions
 d - 2 potions of might
 i - 2 potions of haste {unknown}
 l - 8 potions of curing
 o - 2 potions of flight {unknown}
 r - 2 potions of brilliance
 v - a potion of ambrosia {unknown}
 x - a potion of heal wounds {unknown}
Comestibles
 f - 9 rations


   Skills:
 + Level 7.7(12.7) Fighting
 + Level 11.6(16.6) Axes
 + Level 8.5(13.5) Armour
 + Level 3.7(8.7) Dodging
 + Level 2.4(7.4) Stealth
 + Level 8.8(13.8) Shields
 + Level 3.3(8.3) Unarmed Combat


You had 9 spell levels left.
You didn't know any spells.
Your spell library was empty.

Dungeon Overview and Level Annotations

Branches:
Dungeon (9/15)             Temple (1/1) D:4
   Lair: D:8-11         Orc: D:9-12

Altars:
Dithmenos
Elyvilon
Fedhas
Gozag
Hepliaklqana
Makhleb
Okawaru
Sif Muna
Uskayaw
Vehumet
Wu Jian
Xom
Zin

Shops:
D:5 !


Innate Abilities, Weirdness & Mutations

You reflexively headbutt those who attack you in melee.
You have a pair of horns on your head.
You have razor-sharp toenails.
You are agile. (Dex +2)
You are frail. (-10% HP)


Message History

The two-headed ogre hits you with a +0 giant club! x2
Your shield and chain mail prevent you from hitting the two-headed ogre.
You claw the two-headed ogre! You headbutt the two-headed ogre.
The two-headed ogre is moderately wounded.
You hit the two-headed ogre. You freeze the two-headed ogre.
The two-headed ogre is moderately wounded.
The two-headed ogre barely misses you.
The two-headed ogre hits you with a +0 giant club!
* * * LOW HITPOINT WARNING * * *
You slash the two-headed ogre! You freeze the two-headed ogre.
The two-headed ogre is severely wounded.
Okay, then.
You hit the two-headed ogre. You freeze the two-headed ogre.
Your headbutt misses the two-headed ogre.
The two-headed ogre is severely wounded.
You barely miss the two-headed ogre. You claw the two-headed ogre.
The two-headed ogre is severely wounded.
The two-headed ogre completely misses you.
The two-headed ogre hits you with a +0 giant club!
You die...

. #.# #...# # .
#.# #...# .# .
#.#####...#####.#
#>........).....#
#...............#
............=..#
...............#
..........######
.........@#
.......O......#
..[..........#
####.........#
#....####.#
#....# # #....#
###..#


You could see a two-headed ogre.

Vanquished Creatures
  Erolcha (D:9)
  An ugly thing (D:9)
  2 hippogriffs
  Duvessa (D:4)
  A water moccasin (D:7)
  3 sky beasts
  An eye of draining (D:9)
  A phantom (D:4)
  7 ogres
  3 centaurs
  2 big kobolds
  Blork the orc (D:4)
  4 bullfrogs
  Dowan (D:4)
  2 scorpions
  4 killer bees (D:9)
  3 wights (D:5)
  A howler monkey (D:5)
  5 bullfrog zombies
  A bullfrog skeleton (D:6)
  A gnoll shaman (D:7)
  5 hounds
  2 jellies (D:7)
  7 orc priests
  3 orc wizards
  3 centaur skeletons
  An iguana (D:7)
  14 worker ants
  A statue (D:6)
  2 hound zombies (D:6)
  2 hound skeletons
  A howler monkey zombie (D:6)
  A worker ant zombie (D:7)
  A howler monkey skeleton (D:4)
  7 gnolls
  15 adders
  2 shadow imps
  2 oozes
  3 adder zombies
  2 adder skeletons (D:6)
  4 worms
  4 dart slugs
  6 leopard geckos
  24 orcs
  5 bats
  10 giant cockroaches
  7 goblins
  7 hobgoblins
  3 jackals (D:6)
  14 kobolds
  8 quokkas
  3 ball pythons
  7 frilled lizards
  A leopard gecko zombie (D:6)
  A quokka skeleton (D:7)
  2 quokka zombies (D:6)
  7 rats
233 creatures vanquished.

Notes
Turn   | Place    | Note
-------+----------+-------------------------------------------
     0 | D:1      | Kairos the Minotaur Fighter began the quest for the Orb.
     0 | D:1      | Reached XP level 1. HP: 19/19 MP: 0/0
   119 | D:1      | Reached XP level 2. HP: 27/27 MP: 1/1
   470 | D:1      | Reached XP level 3. HP: 33/33 MP: 2/2
   652 | D:1      | Gained mutation: You are occasionally teleported next to
                  | monsters. [potion of mutation]
   652 | D:1      | Gained mutation: Your mind is acute. (Int +2) [potion of
                  | mutation]
   652 | D:1      | Gained mutation: You are agile. (Dex +2) [potion of
                  | mutation]
   653 | D:1      | Lost mutation: Your mind is acute. (Int +2) [potion of
                  | mutation]
   653 | D:1      | Lost mutation: You are occasionally teleported next to
                  | monsters. [potion of mutation]
   653 | D:1      | Gained mutation: You have sharp toenails. [potion of
                  | mutation]
   653 | D:1      | Gained mutation: You are frail. (-10% HP) [potion of
                  | mutation]
   653 | D:1      | Gained mutation: You have razor-sharp toenails. [potion of
                  | mutation]
   703 | D:2      | Reached skill level 3 in Axes
   839 | D:2      | Reached skill level 1 in Dodging
   839 | D:2      | Reached XP level 4. HP: 33/36 MP: 3/3
  1282 | D:3      | Reached skill level 4 in Axes
  1348 | D:3      | Reached XP level 5. HP: 32/42 MP: 4/4
  1460 | D:3      | Found a white marble altar of Elyvilon.
  1461 | D:3      | Found a deep blue altar of Sif Muna.
  1533 | D:3      | Found a burning altar of Makhleb.
  1533 | D:3      | Noticed a green death
  1536 | D:3      | Noticed a hellwing
  1536 | D:3      | Noticed a neqoxec
  1584 | D:4      | Noticed Blork the orc
  1590 | D:4      | Killed Blork the orc
  1590 | D:4      | Reached skill level 5 in Axes
  1594 | D:4      | Reached XP level 6. HP: 42/47 MP: 5/5
  1601 | D:4      | Found a staircase to the Ecumenical Temple.
  1660 | Temple   | Entered the Ecumenical Temple
  1669 | Temple   | Became a worshipper of Warmaster Okawaru
  1808 | D:4      | Reached skill level 5 in Fighting
  1808 | D:4      | Reached skill level 6 in Axes
  1844 | D:4      | Noticed Duvessa
  1846 | D:4      | Noticed Dowan
  1866 | D:4      | Reached XP level 7. HP: 38/54 MP: 6/6
  1871 | D:4      | Killed Dowan
  1878 | D:4      | Reached skill level 7 in Axes
  1880 | D:4      | Reached * piety under Okawaru
  2242 | D:4      | Reached skill level 5 in Armour
  2242 | D:4      | Reached skill level 1 in Unarmed Combat
  2252 | D:4      | Killed Duvessa
  2606 | D:4      | Reached skill level 1 in Stealth
  2618 | D:4      | Found a shimmering altar of Xom.
  2863 | D:4      | Reached skill level 5 in Shields
  2922 | D:5      | Entered Level 5 of the Dungeon
  3136 | D:5      | Reached XP level 8. HP: 53/63 MP: 7/7
  3363 | D:5      | Found Okiagah's Distillery.
  3378 | D:5      | Bought a potion of degeneration for 13 gold pieces
  3451 | D:5      | Reached ** piety under Okawaru
  3475 | D:5      | Found a hazy altar of Hepliaklqana.
  3551 | D:5      | Reached skill level 8 in Axes
  3739 | D:6      | Found a radiant altar of Vehumet.
  4088 | D:6      | Reached XP level 9. HP: 57/67 MP: 8/8
  4335 | D:6      | Reached skill level 9 in Axes
  4487 | D:7      | Reached *** piety under Okawaru
  4536 | D:7      | Got a scorched rapier
  4632 | D:7      | Reached skill level 10 in Axes
  5538 | D:8      | Reached **** piety under Okawaru
  5948 | D:9      | Reached XP level 10. HP: 69/77 MP: 9/9
  6027 | D:9      | Reached skill level 11 in Axes
  6043 | D:9      | Noticed a red ugly thing
  6057 | D:9      | Killed a red ugly thing
  6057 | D:9      | Received a gift from Okawaru
  6080 | D:9      | Noticed Erolcha
  6091 | D:9      | Killed Erolcha
  6091 | D:9      | Reached ***** piety under Okawaru
  6175 | D:9      | Found a shadowy altar of Dithmenos.
  6202 | D:9      | Noticed a two-headed ogre
  6214 | D:9      | Slain by a two-headed ogre

Skill      XL: |  1  2  3  4  5  6  7  8  9 10 |
---------------+-------------------------------+-----
Armour         | 4 5 6 7 8 |  8.5
Fighting       | 4 5 6 7 |  7.7
Shields        | 4 5 6 8 |  8.8
Axes           | 3 4 5 6 7 8 10 11 | 11.6
Dodging        | 1 2 3 |  3.7
Unarmed Combat | 2 3 |  3.3
Stealth        | 1 2 |  2.4

Action                   |  1- 3 |  4- 6 |  7- 9 | 10-12 || total
-------------------------+-------+-------+-------+-------++-------
Melee: War axe           |    22 |       |       |       ||    22
       Headbutt          |     8 |    14 |    57 |    12 ||    91
       Hand axe          |    57 |    77 |   305 |    53 ||   492
       Kick              |     4 |    20 |    95 |    20 ||   139
       Unarmed           |       |    13 |    22 |       ||    35
Invok: Heroism           |       |       |       |     1 ||     1
  Use: Scroll            |     3 |     4 |     3 |       ||    10
       Potion            |     2 |       |       |     1 ||     3
 Stab: Confused          |       |     1 |     2 |       ||     3
  Eat: Chunk             |       |     3 |     7 |       ||    10
       Ration            |       |       |     2 |       ||     2
Armor: Scale mail        |    23 |    18 |     2 |       ||    43
       Skin              |       |     5 |     5 |       ||    10
       Chain mail        |       |       |    66 |     4 ||    70
Dodge: Dodged            |    18 |    59 |   106 |    13 ||   196
Block: Shield            |    37 |    31 |   120 |    24 ||   212
